 Dungeon Crawl Stone Soup version 0.30-a0-840-ga523dec638 (webtiles) character file.

Game seed: 9486606840983393511

28 jasper the Magician (level 2, -1/19 HPs)
             Began as a Demonspawn Hedge Wizard on Mar 1, 2023.
             Slain by a worm (9 damage)
             ... on level 1 of the Dungeon.
             The game lasted 00:03:27 (1283 turns).

jasper the Magician (Demonspawn Hedge Wizard)       Turns: 1283, Time: 00:03:28

Health: -1/19      AC:  2    Str: 10    XL:     2   Next: 96%
Magic:  1/7        EV: 12    Int: 15    God:
Gold:   86         SH:  0    Dex: 12    Spells: 2/9 levels left

rFire   . . .      SeeInvis .    f - staff of air
rCold   . . .      Faith    .    (no shield)
rNeg    . . .      Spirit   .    b - +0 robe
rPois   .          Reflect  .    c - +0 hat
rElec   +          Harm     .    (no cloak)
rCorr   .          Rampage  .    (no gloves)
Will    .....                    (no boots)
Stlth   ++                       g - amulet of the acrobat
HPRegen 0.23/turn                (no ring)
MPRegen 0.10/turn                (no ring)

@: no status effects
A: sturdy frame 1
a: no special abilities


You were on level 1 of the Dungeon.
You visited 1 branch of the dungeon, and saw 2 of its levels.

You collected 86 gold pieces.

Inventory:

Hand Weapons
 a - a +0 dagger
Armour
 b - a +0 robe (worn)
 c - a +0 hat (worn)
 h - a +0 leather armour
Magical Staves
 f - a staff of air (weapon)
Jewellery
 g - an amulet of the acrobat (around neck)
 i - a ring of willpower
Potions
 d - a potion of magic


   Skills:
 - Level 1.7 Dodging
 - Level 1.7 Stealth
 + Level 4.0 Spellcasting
 - Level 1.0 Conjurations
 - Level 1.0 Summonings
 - Level 0.8 Translocations


You had 2 spell levels left.
You knew the following spells:

 Your Spells              Type           Power      Damage    Failure   Level
a - Magic Dart            Conj           24%        1d4       12%         1
b - Call Imp              Summ           6%         N/A       19%         2
c - Blink                 Tloc           10%        N/A       19%         2
d - Cigotuvi's Dreadful   Necr/Pois/Air  8%         N/A       26%         2

Your spell library contained the following spells:

 Spells                   Type           Power      Damage    Failure   Level
 Freeze                   Ice            12%        1d3       19%         1
 Slow                     Hex            12%        N/A       19%         1
 Hailstorm                Conj/Ice       4%         3d4       41%         3
 Mephitic Cloud           Conj/Pois/Air  6%         N/A       43%         3
 Frozen Ramparts          Ice            6%         1d1       47%         3


Dungeon Overview and Level Annotations

Branches:
Dungeon (2/15)

Altars:


Innate Abilities, Weirdness & Mutations

Your movements are slightly less encumbered by armour. (ER -2)


Message History

Press: ? - help, Q - select action, (/) - cycle Shift-Dir - straight line, f - worm
Aim: a worm (lightly wounded, 100% to hit)
The magic dart hits the worm.
The worm is lightly wounded.
Aiming: Magic Dart (safe; 12% risk of failure)
Press: ? - help, Q - select action, (/) - cycle Shift-Dir - straight line, f/p - worm
Aim: a worm (lightly wounded, 100% to hit)
The magic dart hits the worm.
The worm is lightly wounded.
You now have 0/7 mp.
You aren't carrying any items that you can evoke.
It was a potion of heal wounds.
You feel much better.
Health restored: 19
Okay, then.
You hit the worm.
The worm is lightly wounded.
The worm bites you.
You take 5 damage, and have 14/19 hp.
MASSIVE DAMAGE!!
You hit the worm.
The worm is moderately wounded.
You hit the worm.
The worm is heavily wounded.
The worm bites you.
You take 4 damage, and have 10/19 hp.
MASSIVE DAMAGE!!
You hit the worm but do no damage.
The worm is moderately wounded.
The worm barely misses you.
You hit the worm.
The worm is moderately wounded.
The worm barely misses you.
You hit the worm.
The worm is heavily wounded.
You hit the worm.
The worm is severely wounded.
The worm bites you.
You take 3 damage, and have 8/19 hp.
You hit the worm but do no damage.
The worm is heavily wounded.
The worm bites you!
You die...

#....########## ##### #..
#....#...#....# #...# #.#
##....#...#....# #...# #.#
......#........####...# #.'
......#...#...........# ####
......#...#.....#.###.# #...
......#.........#.###.# #.#.
#....######...#.#.....########.#.
#....'†.........@w...............
#....#...#.####.#..##.....####.#.
.....#.#....# #.#..##.....+....#+
..##.#.#.#..# #...........#.##...
..##.#......###....##.......##...
.>)...........'....##.......##...
####..#########............####..
..##...## #......#.....##.+..
#.##....# ##.....#.....##.#..


You could see a worm.

Vanquished Creatures
  2 dart slugs (D:1)
  2 bats
  4 endoplasms
  3 hobgoblins
  2 jackals (D:1)
  4 kobolds (D:1)
  2 ball pythons
  A rat (D:1)
20 creatures vanquished.

Notes
Turn   | Place    | Note
-------+----------+-------------------------------------------
     0 | D:1      | jasper the Demonspawn Hedge Wizard began the quest for the
                  | Orb.
     0 | D:1      | Reached XP level 1. HP: 13/13 MP: 4/4
   306 | D:1      | Gained mutation: Your movements are slightly less
                  | encumbered by armour. (ER -2) [demonic ancestry]
   306 | D:1      | Reached XP level 2. HP: 18/19 MP: 1/6
   432 | D:1      | Learned a level 2 spell: Call Imp
   435 | D:1      | Learned a level 2 spell: Blink
   440 | D:1      | Learned a level 2 spell: Cigotuvi's Dreadful Rot
  1077 | D:2      | Reached skill level 4 in Spellcasting
  1283 | D:1      | Slain by a worm

Illustrated notes

Levels and vault maps discovered:
D:1:      heliophobic_arrival_ceremonial_halls, layout_basic,
          hangedman_decor_peaks_small
D:2:      layout_rooms, grunt_ministairs_8

Skill      XL: |  1  2 |
---------------+-------+-----
Spellcasting   | 4 |  4.0
Dodging        | |  1.7
Stealth        | |  1.7
Conjurations   | |  1.0
Summonings     | |  1.0
Translocations | |  0.8

Action                     || total
---------------------------++-------
  Melee: Staff             ||    34
   Cast: Magic Dart        ||    64
    Use: Scroll            ||     3
         Potion            ||     1
 Armour: Robe              ||     1
  Dodge: Dodged            ||    28

Table legend: (Time is in decaauts)
 A = Elapsed time spent in this place.
 B = Non-inter-level travel time spent in this place.
 C = Inter-level travel time spent in this place.
 D = Time resting spent in this place.
 E = Time spent auto-exploring this place.
 F = Levels seen in this place.
 G = Mean time per level.
                   A        B        C        D        E       F      G
               +--------+--------+--------+--------+--------+-----+--------+
         Total |   1289 |   1227 |     62 |    216 |    713 |   2 |  644.5 |
       Dungeon |   1289 |   1227 |     62 |    216 |    713 |   2 |  644.5 |
               +--------+--------+--------+--------+--------+-----+--------+

Top non-repeatable levels by time:
     D:1: 1114 daAuts
     D:2: 175 daAuts
